 Dungeon Sprint DCSS version 0.17-a0-1651-gae1a69f (webtiles) character file.

72 Kidiri the Sneak (level 4, -4/31 HPs)
             Began as a Spriggan Enchanter on Aug 14, 2015.
             Slain by a water elemental (5 damage)
             ... in the Dungeon (Sprint III: "The Ten Rune Challenge").
             The game lasted 00:02:49 (611 turns).

Kidiri the Sneak (Spriggan Enchanter)                Turns: 611, Time: 00:02:49

Health: -4/31      AC:  7    Str: 13    XL:     4   Next: 6%
Magic:  12/12      EV: 22    Int: 16    God:
Gold:   35         SH:  2    Dex: 17    Spells: 5 memorised, 1 level left

rFire  . . .     SeeInvis +     a - +1 dagger
rCold  . . .     Clarity  .     b - +1 robe
rNeg   . . .     SustAt   .     (shield restricted)
rPois  .         Gourm    .     (helmet restricted)
rElec  .         Spirit   .     (no cloak)
rCorr  .         Warding  .     (gloves unavailable)
rMut   .         NoTele   +     (boots unavailable)
MR     .....                    (no amulet)
Stlth  ..........               (no ring)
                                (no ring)

@: berserking (expiring), engulfed (cannot breathe), very quick, not resistant
to hostile enchantments, extremely unstealthy
A: unfitting armour, large bone plates 1, yellow scales 1, see invisible,
herbivore 3, speed 3, slow metabolism 2, strong 2
a: no special abilities


You were in the Dungeon.
You were not hungry.

You visited 1 branch You collected 35 gold pieces.

Inventory:

Hand weapons
 a - a +1 dagger (weapon)
Armour
 b - a +1 robe (worn)
Scrolls
 j - a scroll of blinking
 m - 3 scrolls of torment
 o - 2 scrolls of remove curse
 r - a scroll of fear {unknown}
Potions
 e - a potion of curing
 f - a potion of heal wounds
 g - a potion of haste
 h - a potion of magic
 p - 2 potions of cure mutation
 q - 2 potions of flight
 t - a potion of might {unknown}
Comestibles
 d - a bread ration
 s - a royal jelly


   Skills:
 + Level 2.9 Short Blades
 * Level 6.4 Dodging
 * Level 7.5 Stealth
 * Level 5.3 Spellcasting
 + Level 0.3 Conjurations
 + Level 4.8 Hexes
 + Level 0.4 Ice Magic


You had one spell level left.
You knew the following spells:

 Your Spells              Type           Power        Failure   Level  Hunger
a - Corona                Hex            ###....      1%          1    None
b - Ensorcelled Hibernat  Hex/Ice        ##....       10%         2    #......
c - Confuse               Hex            ###.....     8%          3    ###....
d - Tukima's Dance        Hex            ###.....     8%          3    ###....
e - Dazzling Spray        Conj/Hex       ##......     17%         3    ###....


Dungeon Overview and Level Annotations

Branches:
Dungeon (1/1)

Altars:


Innate Abilities, Weirdness & Mutations

You are tiny and cannot use many weapons and most armour.
You have supernaturally acute eyesight.
You are a herbivore.
You cover ground extremely quickly.
You need consume almost no food.
You are partially covered in large bone plates (AC +2, SH +2).
You are partially covered in yellow scales (AC +2).
Your muscles are very strong. (Str +4)


Message History

You are too injured to fight recklessly!
You are too injured to fight recklessly!
You are too injured to fight recklessly!
You are too injured to fight recklessly!
You are too injured to fight recklessly!
You barely miss the water elemental.
The water elemental is moderately damaged.
* * * LOW HITPOINT WARNING * * *
Your lungs strain for air!
You barely miss the water elemental.
The water elemental is moderately damaged.
* * * LOW HITPOINT WARNING * * *
Your lungs strain for air!
The water elemental completely misses you.
You barely miss the water elemental.
The water elemental is moderately damaged.
* * * LOW HITPOINT WARNING * * *
Your lungs strain for air!
The water elemental hits you.
You die...

▓▓▓▓▓▓▓▓ ▓▓▓ <..#...####
##.# ...#......#####..#
..##.......#:%#..#
##.##.##...#..#..###+#+##
##.##.###..##+#..#.......
#.####.##..###..@E.⌠.....
.###..##..####...#...####
#.....##..###....#.⌠.#
###..##%..##.....#...#
##..##....#......#+###
#..###..##.#.....# #..#
#..#####....# ▓▓▓▓ ▓▓▓▓
▓▓▓▓▓▓


You could see a water elemental.

Vanquished Creatures
  A scorpion (D)
  A human (D)
  An ooze (D)
  3 rats (D)
6 creatures vanquished.

Vanquished Creatures (others)
  2 draconian scorchers (D)
  A yaktaur (D)
3 creatures vanquished.

Grand Total: 9 creatures vanquished

Notes
Turn   | Place    | Note
--------------------------------------------------------------
     0 | D        | Kidiri the Spriggan Enchanter began the quest for the Orb.
     0 | D        | Reached XP level 1. HP: 9/9 MP: 5/5
   178 | D        | Killed a white draconian scorcher
   189 | D        | Killed a white draconian scorcher
   202 | D        | Reached skill level 5 in Stealth
   279 | D        | Noticed a scorpion
   282 | D        | Killed a scorpion
   282 | D        | Reached skill level 6 in Dodging
   282 | D        | Reached skill level 7 in Stealth
   282 | D        | Reached skill level 5 in Spellcasting
   282 | D        | Reached XP level 2. HP: 13/13 MP: 6/9
   282 | D        | Reached XP level 3. HP: 16/16 MP: 6/10
   301 | D        | Learned a level 2 spell: Ensorcelled Hibernation
   305 | D        | Learned a level 3 spell: Confuse
   309 | D        | Learned a level 3 spell: Tukima's Dance
   313 | D        | Learned a level 3 spell: Dazzling Spray
   396 | D        | Killed a yaktaur
   444 | D        | Reached XP level 4. HP: 21/21 MP: 9/12
   464 | D        | Gained mutation: You are partially covered in large bone plates (AC +2, SH +2). [potion of mutation]
   464 | D        | Gained mutation: Your muscles are strong. (Str +2) [potion of mutation]
   465 | D        | Gained mutation: Your muscles are very strong. (Str +4) [potion of mutation]
   465 | D        | Gained mutation: You are partially covered in yellow scales (AC +2). [potion of mutation]
   597 | D        | Noticed a water elemental
   611 | D        | HP: 1/31 [drowned by a water elemental (3)]
   611 | D        | Slain by a water elemental

Vault maps used:
D:        dungeon_sprint_mu

Action                   |  1- 3 |  4- 6 || total
-------------------------+-------+-------++-------
Melee: Dagger            |    28 |    11 ||    39
 Cast: Ensorcelled Hiber |     4 |       ||     4
  Use: Potion            |     1 |     3 ||     4
       Scroll            |       |     4 ||     4
 Stab: Sleeping          |     3 |       ||     3
